 Dungeon Crawl Stone Soup version 0.20-a0-513-g02c11fc (webtiles) character file.

24 anuswrecked the Conjurer (level 2, -4/20 HPs)
             Began as a Mummy Conjurer on Jan 22, 2017.
             Slain by a gnoll
             ... wielding a +0 flail
              (9 damage)
             ... on level 2 of the Dungeon.
             The game lasted 00:02:49 (1365 turns).

anuswrecked the Conjurer (Mummy Conjurer)           Turns: 1365, Time: 00:02:50

Health: -4/20      AC:  2    Str: 11    XL:     2   Next: 79%
Magic:  4/6        EV: 12    Int: 14    God:
Gold:   118        SH:  0    Dex: 12    Spells: 6/7 levels left

rFire    x . .     SeeInvis .   h - +0 spear
rCold    + . .     Gourm    .   a - +0 robe
rNeg     + + +     Faith    .   (no shield)
rPois    ∞         Spirit   .   (no helmet)
rElec    .         Reflect  .   (no cloak)
rCorr    .         Harm     .   (no gloves)
MR       .....                  (no boots)
Stlth    ++........             (no amulet)
Regen    0.1/turn               (no ring)
                                (no ring)

@: no status effects
A: no food or potions, fire vulnerability, cold resistance 1, negative energy
resistance 3, torment resistance, unbreathing
a: no special abilities


You were on level 2 of the Dungeon.
You were not hungry.

You visited 1 branch of the dungeon, and saw 2 of its levels.

You collected 118 gold pieces.

Inventory:

Hand Weapons
 h - a +0 spear (weapon)
Missiles
 c - 51 stones (quivered)
Armour
 a - a +0 robe (worn)
Scrolls
 d - a scroll of random uselessness {unknown}
 e - a scroll of fear {unknown}
 f - a scroll of teleportation {unknown}
 g - 2 scrolls of identify {unknown}
Books
 b - a book of Conjurations

   Spells                             Type                      Level
   a - Magic Dart                     Conjuration                  1
   b - Searing Ray                    Conjuration                  2
   c - Dazzling Spray                 Conjuration/Hexes            3
   d - Fulminant Prism                Conjuration/Hexes            4
   e - Iskenderun's Mystic Blast      Conjuration                  4
   f - Iskenderun's Battlesphere      Conjuration/Charms           5


   Skills:
 + Level 0.8 Fighting
 * Level 0.8 Armour
 + Level 1.6 Dodging
 - Level 1.5 Stealth
 + Level 3.0 Spellcasting
 * Level 3.5 Conjurations


You had 6 spell levels left.
You knew the following spells:

 Your Spells              Type           Power        Failure   Level  Hunger
a - Magic Dart            Conj           ##..         6%          1    N/A

Dungeon Overview and Level Annotations

Branches:
Dungeon (2/15)

Altars:
Ashenzari


Innate Abilities, Weirdness & Mutations

You do not eat or drink.
Your flesh is vulnerable to fire.
You are immune to poison.
Your flesh is cold resistant. (rC+)
You are immune to negative energy. (rN+++)
You are immune to unholy pain and torment.
You can survive without breathing.


Message History

There is a stone staircase leading up here.
You see here 6 stones.
Casting: Magic Dart
Confirm with . or Enter, or press ? or * to list all spells.
Aiming: Magic Dart
Press: ? - help, Shift-Dir - straight line, f - gnoll
Aim: a gnoll, wielding a flail (heavily wounded)
The magic dart hits the gnoll.
The gnoll is severely wounded.
The gnoll hits you with a flail!
* * * LOW HITPOINT WARNING * * *
Casting: Magic Dart
Confirm with . or Enter, or press ? or * to list all spells.
Aiming: Magic Dart
Press: ? - help, Shift-Dir - straight line, f/p - gnoll
Aim: a gnoll, wielding a flail (severely wounded)
The magic dart hits the gnoll.
The gnoll is almost dead.
The gnoll hits you with a flail!
You die...

## #. #. #. ###
#. ..
####.#.#####.
#............
#.###.########
#.#.(.@g..((..
#)#.#.(.......
####.#.##.####.##
###......#÷....
#...$#........?#
#.....<....##..#
#.....g....# .##
#....(...##....
#....(.#.# ..###


You could see a gnoll.

Vanquished Creatures
  A dart slug (D:1)
  5 bats
  A giant cockroach (D:2)
  4 goblins
  2 hobgoblins
  4 kobolds (D:1)
  2 rats (D:1)
19 creatures vanquished.

Notes
Turn   | Place    | Note
-------+----------+-------------------------------------------
     0 | D:1      | anuswrecked the Mummy Conjurer began the quest for the Orb.
     0 | D:1      | Reached XP level 1. HP: 13/13 MP: 4/4
    52 | D:1      | Found a shattered altar of Ashenzari.
   216 | D:1      | Reached XP level 2. HP: 20/20 MP: 0/5
  1365 | D:2      | Slain by a gnoll

Vault maps used:
D:1:      minmay_arrival_semitransparent, ashenzari_altar_1
D:2:      marbit_many_paths, first_bread, minmay_tetromino_o2

Skill      XL: |  1  2 |
---------------+-------+-----
Spellcasting   | 3 |  3.0
Fighting       | |  0.8
Armour         | |  0.8
Dodging        | |  1.6
Stealth        | |  1.5
Conjurations   | |  3.5

Action                   || total
-------------------------++-------
Melee: Unarmed           ||     2
       Spear             ||    28
Throw: Stone             ||     1
 Cast: Magic Dart        ||    40
 Stab: Sleeping          ||     1
Armor: Robe              ||     4
Dodge: Dodged            ||    22
